 Dungeon Crawl Stone Soup version 0.24-a0-284-g9fb9971df1 (webtiles) character file.

Game seed: 6682566107498270779

919 Redear the Sneak (level 8, -4/81 HPs)
             Began as an Octopode Fighter on May 5, 2019.
             Slain by a crocodile (15 damage)
             ... in a sewer.
             The game lasted 00:08:30 (4668 turns).

Redear the Sneak (Octopode Fighter)                 Turns: 4668, Time: 00:08:31

Health: -4/81      AC:  1    Str: 20    XL:     8   Next: 9%
Magic:  8/8        EV: 15    Int: 11    God:
Gold:   211        SH:  0    Dex: 13    Spells: 7/7 levels left

rFire    . . .     SeeInvis .   a - +0 long sword
rCold    . . .     Gourm    .   (no shield)
rNeg     . . .     Faith    .   (helmet restricted)
rPois    .         Spirit   .   (no amulet)
rElec    .         Reflect  .   (no ring)
rCorr    .         Harm     .   (no ring)
MR       .....                  (no ring)
Stlth    ..........             (no ring)
HPRegen  0.23/turn              (no ring)
MPRegen  0.11/turn              (no ring)
                                (no ring)
                                (no ring)

@: berserking, very quick
A: almost no armour, stealthy swim, amphibious, 8 rings, constrict 8, camouflage
1, gelatinous body 1
a: no special abilities


You were in a sewer.
You were hungry.

You visited 1 branch of the dungeon, and saw 5 of its levels.
You also visited: Sewer.

You collected 211 gold pieces.

Inventory:

Hand Weapons
 a - a +0 long sword (weapon)
Missiles
 f - 6 javelins
 h - 195 stones (quivered)
Armour
 b - a +0 shield
Magical Staves
 k - an uncursed staff of power {MP+15}
Scrolls
 g - a scroll of enchant weapon {unknown}
 n - a scroll of blinking {unknown}
 N - 3 scrolls of remove curse {@r2}
 T - 3 scrolls of teleportation
Potions
 c - a potion of might {Str+5 DMG+1d10 | @q3}
 d - 3 potions of heal wounds
 e - a potion of haste {unknown}
 l - a potion of flight
 Q - a potion of curing {@q2}
Comestibles
 z - 9 rations


   Skills:
 + Level 4.9 Fighting
 + Level 4.4 Long Blades
 + Level 5.0 Dodging
 + Level 5.5 Stealth
 + Level 5.0 Shields


You had 7 spell levels left.
You didn't know any spells.
Your spell library contained the following spells:

 Spells                   Type           Power        Failure   Level  Hunger
 Magic Dart               Conj           #...         34%         1    ##.....
 Blink                    Tloc           N/A          47%         2    ###....
 Call Imp                 Summ           #.......     47%         2    ###....
 Slow                     Hex            #.......     47%         2    ###....
 Conjure Flame            Conj/Fire      #.......     71%         3    ####...
 Mephitic Cloud           Conj/Pois/Air  #.......     71%         3    ####...


Dungeon Overview and Level Annotations

Branches:
Dungeon (5/15)
 Temple: D:4-7

Altars:
Gozag
Makhleb
Nemelex Xobeh
Qazlal
Ru
Sif Muna
Vehumet
Wu Jian

Shops:
D:5 [

Annotations:
D:5 Blork the orc


Innate Abilities, Weirdness & Mutations

You cannot wear most types of armour.
You are very stealthy in the water. (Stealth+)
You are amphibious.
You can wear up to eight rings at the same time.
You can use your tentacles to constrict eight enemies at once.
Your skin changes colour to match your surroundings (Stealth+).
Your rubbery body absorbs attacks. (AC +1, EV +1)


Message History

The crocodile is lightly wounded.
The crocodile bites you!
* * * LOW HITPOINT WARNING * * *
You take 16 damage, and have 24/81 hp.
You hit the crocodile.
The crocodile is moderately wounded.
The crocodile bites you.
* * * LOW HITPOINT WARNING * * *
You take 1 damage, and have 23/81 hp.
You slash the crocodile!
The crocodile is heavily wounded.
The crocodile bites you!
* * * LOW HITPOINT WARNING * * *
You take 12 damage, and have 11/81 hp.
You are too berserk!
Unknown command.
You closely miss the crocodile. Your squeeze misses the crocodile.
The crocodile is heavily wounded.
The crocodile bites you!
You die...

####### ##$??$$##
#..$?$..#
#.......#
#...t...#
#...@...#
#.......#
##.....## #######
###.### ##....†##
#.# #...≈...## #.#
...≈≈≈...#######.#
∩.†≈≈≈†..........#
...≈≈≈...#######.#


You could see a crocodile.

Vanquished Creatures
  Pikel (D:4)
  Sigmund (D:2)
  2 slaves
  A crimson imp (D:4)
  2 hounds
  Terence (D:2)
  Robin (D:4)
  4 gnolls (D:3)
  4 adders
  An ooze (D:3)
  2 worms
  2 dart slugs (D:1)
  A leopard gecko (D:1)
  8 orcs
  10 bats
  4 giant cockroaches
  16 goblins
  14 hobgoblins
  10 jackals
  5 kobolds
  A quokka (D:2)
  5 frilled lizards
  6 rats
102 creatures vanquished.

Notes
Turn   | Place    | Note
-------+----------+-------------------------------------------
     0 | D:1      | Redear the Octopode Fighter began the quest for the Orb.
     0 | D:1      | Reached XP level 1. HP: 16/16 MP: 1/1
    92 | D:1      | Reached XP level 2. HP: 21/21 MP: 2/2
   139 | D:1      | Reached skill level 1 in Stealth
   514 | D:1      | Reached XP level 3. HP: 8/26 MP: 3/3
  1330 | D:2      | Found a sparkling altar of Nemelex Xobeh.
  1430 | D:2      | Found a burning altar of Makhleb.
  1432 | D:2      | Reached skill level 2 in Stealth
  1432 | D:2      | Reached XP level 4. HP: 21/31 MP: 4/4
  1854 | D:2      | Found a stormy altar of Qazlal.
  1860 | D:2      | Found an opulent altar of Gozag.
  1916 | D:2      | Noticed Sigmund
  1930 | D:2      | Killed Sigmund
  1930 | D:2      | Reached skill level 3 in Long Blades
  1930 | D:2      | Reached skill level 4 in Dodging
  1930 | D:2      | Reached skill level 3 in Stealth
  1930 | D:2      | Reached XP level 5. HP: 19/37 MP: 5/5
  1930 | D:2      | Reached XP level 6. HP: 22/43 MP: 6/6
  1950 | D:2      | Reached skill level 4 in Fighting
  1950 | D:2      | Reached skill level 4 in Shields
  2396 | D:2      | Found a burning altar of Makhleb.
  2396 | D:2      | Noticed Terence
  2405 | D:2      | Killed Terence
  2430 | D:2      | Found a deep blue altar of Sif Muna.
  2693 | D:3      | Found a sacrificial altar of Ru.
  2796 | D:3      | Found an ornate altar of the Wu Jian Council.
  3111 | D:3      | Reached skill level 4 in Stealth
  3495 | D:4      | Noticed Robin
  3517 | D:4      | Killed Robin
  3517 | D:4      | Reached XP level 7. HP: 30/48 MP: 7/7
  3641 | D:4      | Noticed Pikel
  3958 | D:4      | Found a radiant altar of Vehumet.
  4401 | D:4      | Killed Pikel
  4401 | D:4      | Reached skill level 4 in Long Blades
  4401 | D:4      | Reached skill level 5 in Stealth
  4401 | D:4      | Reached XP level 8. HP: 54/54 MP: 8/8
  4548 | D:5      | Entered Level 5 of the Dungeon
  4550 | D:5      | Found a glowing drain.
  4552 | D:5      | Found Fewius's Armour Shop.
  4558 | D:5      | Reached skill level 5 in Dodging
  4585 | D:5      | Noticed Blork the orc
  4602 | D:5      | Reached skill level 5 in Shields
  4608 | Sewer    | Entered a sewer
  4668 | Sewer    | Slain by a crocodile

Levels and vault maps discovered:
D:1:      dpeg_chamrin_arrival_tetris, layout_basic, kennysheep_crisscross,
          minmay_statues_item, minmay_quantized
D:2:      layout_basic, amethyst_overflow_temple_binary, lemuel_doored_altar,
          overflow_temple_1_default, lemuel_blue_sif_altar, first_ration,
          chequers_serial_rivers_large_a, makhleb_heckhound_becter,
          uniq_terence, uniq_sigmund
D:3:      layout_basic, lemuel_crystal_altar, nicolae_ru_awakened_eye
D:4:      layout_loops_ring, nicolae_overflow_crystal_walls, grunt_ministairs_5,
          uniq_pikel, uniq_robin
D:5:      cheibrodos_iron_armory, layout_loops_ring, zin_treasury,
          minmay_temple_entry_overgrown, gup_sewer_entry_glass, serial_shops,
          nicolae_shop_crystal, uniq_blork_the_orc
Sewer:    sewer_big_baddie

Skill      XL: |  1  2  3  4  5  6  7  8 |
---------------+-------------------------+-----
Stealth        | 1 2 3 4 5 |  5.5
Long Blades    | 3 4 |  4.4
Dodging        | 4 5 |  5.0
Fighting       | 4 |  4.9
Shields        | 4 5 |  5.0

Action                   |  1- 3 |  4- 6 |  7- 9 || total
-------------------------+-------+-------+-------++-------
Melee: Long sword        |    64 |    75 |    34 ||   173
       Constrict         |    20 |    30 |     9 ||    59
       Tentacles         |    12 |    17 |    13 ||    42
       Dagger            |       |       |    10 ||    10
  Use: Scroll            |       |       |     7 ||     7
       Potion            |       |       |     2 ||     2
 Stab: Sleeping          |    10 |    10 |     2 ||    22
  Eat: Chunk             |     2 |     6 |     3 ||    11
Armor: Skin              |    12 |     3 |     4 ||    19
Dodge: Dodged            |    44 |    58 |    27 ||   129
       Rpst.: Long sword |    10 |    18 |     6 ||    34

Table legend:
 A = Non-vault XP
 B = Vault XP
 C = Vault XP percentage of total XP
 D = Non-vault monster count
 E = Vault monster count
 F = Vault count percentage of total count
                 A         B        C        D         E       F
            +---------+---------+-------+---------+---------+-------
      Total |     301 |    1012 |  77.1 |      75 |      25 |  25.0
            +---------+---------+-------+---------+---------+-------
        D:1 |      45 |       5 |  10.0 |      23 |       3 |  11.5
        D:2 |      51 |     313 |  86.0 |      22 |       3 |  12.0
        D:3 |     138 |       0 |   0.0 |      22 |       0 |   0.0
        D:4 |      58 |     685 |  92.2 |       5 |      13 |  72.2
        D:5 |       9 |       2 |  18.2 |       3 |       1 |  25.0
      Sewer |       0 |       7 | 100.0 |       0 |       5 | 100.0
            +---------+---------+-------+---------+---------+-------
